[ AOE2 MATCH · #465371778 ]
UnrankedMuisca vs Byzantines
[ REPLAY ANALYSIS · EXTRACTED FROM THE RECORDED GAME ]
Feudal
11:51
Castle
15:21
Imperial
35:35
| APM avg | 53.2 |
| APM peak | 101 |
| eAPM avg | 27.4 |
| Villagers / military | 151 / 267 |
Focus
⚔️ 43.2% · 🌾 56.8%
Spearman ×231 · Mangonel ×32 · Unknown (2550) ×26 · Trade Cart ×16 · Unknown (2586) ×15 · Trebuchet (Packed) ×4
Feudal
11:39
Castle
15:59
Imperial
24:24
| APM avg | 47.0 |
| APM peak | 77 |
| eAPM avg | 27.3 |
| Villagers / military | 143 / 148 |
Focus
⚔️ 33.3% · 🌾 66.7%
Skirmisher ×56 · Hand Cannoneer ×40 · Monk ×24 · Bombard Cannon ×16 · Trebuchet (Packed) ×6 · Cataphract ×5
Feudal
10:58
Castle
14:31
Imperial
35:50
| APM avg | 35.6 |
| APM peak | 89 |
| eAPM avg | 22.5 |
| Villagers / military | 177 / 182 |
Focus
⚔️ 30.9% · 🌾 69.1%
Elephant Archer ×116 · Scout Cavalry ×33 · Armored Elephant ×21 · Trade Cart ×10 · Hand Cannoneer ×5 · Trebuchet (Packed) ×4
Feudal
11:45
Castle
15:22
Imperial
29:30
| APM avg | 56.0 |
| APM peak | 110 |
| eAPM avg | 35.0 |
| Villagers / military | 165 / 143 |
Focus
⚔️ 35.3% · 🌾 64.7%
Unknown (1949) ×162 · Spearman ×118 · Scout Cavalry ×19 · Unknown (1942) ×15 · Monk ×4 · Unknown (1954) ×4
Feudal
8:28
Castle
19:42
Imperial
29:19
| APM avg | 48.8 |
| APM peak | 81 |
| eAPM avg | 31.3 |
| Villagers / military | 151 / 297 |
Focus
⚔️ 49.0% · 🌾 51.0%
Knight ×248 · Trade Cart ×54 · Scout Cavalry ×30 · Trebuchet (Packed) ×17 · Monk ×2
Feudal
11:23
Castle
14:59
Imperial
31:37
| APM avg | 39.8 |
| APM peak | 98 |
| eAPM avg | 20.4 |
| Villagers / military | 147 / 318 |
Focus
⚔️ 48.1% · 🌾 51.9%
Scout Cavalry ×175 · Elephant Archer ×65 · Chakram Thrower ×45 · Camel Scout ×33
Feudal
10:46
Castle
14:37
Imperial
38:24
| APM avg | 44.1 |
| APM peak | 83 |
| eAPM avg | 21.4 |
| Villagers / military | 169 / 356 |
Focus
⚔️ 35.3% · 🌾 64.7%
Spearman ×239 · Throwing Axeman ×109 · Militia ×3 · Mangonel ×2 · Trebuchet (Packed) ×2 · Battering Ram ×1
Feudal
10:57
Castle
14:31
Imperial
34:59
| APM avg | 60.1 |
| APM peak | 141 |
| eAPM avg | 38.2 |
| Villagers / military | 214 / 435 |
Focus
⚔️ 51.3% · 🌾 48.7%
Spearman ×395 · Huskarl ×19 · Trebuchet (Packed) ×17 · Trade Cart ×12 · Mangonel ×3 · Scorpion ×1
Match map
Initial resources + every placement click. Lines = walls · curves = elevation contours. ◆ gold · ⬟ stone · ● berries · ✦ relic · ◌ wall gap
Your base· Open — unwalled flank
Ginger lee fondle your meatballs's base· Open — unwalled flank
Dott_Berlu's base· Open — unwalled flank
Dark Horse's base· Open — unwalled flank
Mettiu's base· Open — unwalled flank
EoK_pr1ston's base· Open — unwalled flank
Didi's base· Open — unwalled flank
Simvall's base· Open — unwalled flank
Smoothed initial terrain · ◌ = detected wall gap · hover for details
Inputs per minute
— Marco Aurelio - - Ginger lee fondle your meatballs
Build order — Marco Aurelio
First 150 of 692 actions detected
| 0:03 | Create | Villager (Male) |
| 0:03 | Create | Villager (Male) |
| 0:03 | Create | Villager (Male) |
| 0:05 | Build | House |
| 0:06 | Build | House |
| 0:39 | Create | Villager (Male) |
| 0:39 | Create | Villager (Male) |
| 1:27 | Create | Villager (Male) |
| 1:27 | Create | Villager (Male) |
| 2:03 | Create | Villager (Male) |
| 2:03 | Create | Villager (Male) |
| 2:17 | Build | Settlement |
| 2:28 | Create | Villager (Male) |
| 2:28 | Create | Villager (Male) |
| 3:24 | Create | Villager (Male) |
| 3:24 | Create | Villager (Male) |
| 3:26 | Create | Villager (Male) |
| 3:27 | Create | Villager (Male) |
| 4:08 | Create | Villager (Male) |
| 4:11 | Build | Settlement |
| 4:28 | Create | Villager (Male) |
| 4:28 | Create | Villager (Male) |
| 5:00 | Create | Villager (Male) |
| 5:44 | Create | Villager (Male) |
| 6:21 | Create | Villager (Male) |
| 6:21 | Create | Villager (Male) |
| 6:21 | Create | Villager (Male) |
| 7:03 | Create | Villager (Male) |
| 7:24 | Build | Settlement |
| 7:26 | Create | Villager (Male) |
| 7:32 | Create | Villager (Male) |
| 7:38 | Build | Farm |
| 7:40 | Build | Farm |
| 7:42 | Build | Farm |
| 8:16 | Create | Villager (Male) |
| 8:33 | Build | Settlement |
| 8:38 | Build | Settlement |
| 9:04 | Create | Villager (Male) |
| 9:34 | Research | Feudal Age |
| 9:45 | Create | Villager (Male) |
| 9:46 | Create | Villager (Male) |
| 11:51 | Age | Feudal Age |
| 11:52 | Build | Market |
| 11:54 | Build | Blacksmith |
| 12:12 | Research | Horse Collar |
| 12:16 | Build | Farm |
| 12:21 | Build | Farm |
| 12:26 | Build | Farm |
| 12:28 | Build | Farm |
| 12:29 | Build | Farm |
| 12:34 | Research | Double-Bit Axe |
| 12:38 | Research | Castle Age |
| 12:38 | Research | Castle Age |
| 12:41 | Build | House |
| 13:26 | Build | Barracks |
| 13:57 | Build | Settlement |
| 14:02 | Create | Unit 2550 |
| 14:03 | Create | Unit 2550 |
| 14:23 | Build | Farm |
| 14:24 | Build | Farm |
| 14:30 | Build | Farm |
| 14:42 | Build | Barracks |
| 14:44 | Create | Unit 2550 |
| 14:58 | Create | Unit 2550 |
| 15:06 | Create | Villager (Male) |
| 15:19 | Research | Tech 1402 |
| 15:21 | Age | Castle Age |
| 15:26 | Create | Villager (Male) |
| 15:30 | Build | Farm |
| 15:31 | Build | Farm |
| 15:33 | Build | Farm |
| 15:34 | Build | Farm |
| 15:41 | Create | Unit 2550 |
| 15:41 | Create | Unit 2550 |
| 15:42 | Create | Unit 2550 |
| 15:44 | Create | Unit 2550 |
| 16:00 | Create | Villager (Male) |
| 16:03 | Build | Farm |
| 16:05 | Build | Farm |
| 16:23 | Create | Villager (Male) |
| 16:24 | Research | Scale Mail Armor |
| 16:40 | Create | Unit 2550 |
| 16:46 | Research | Tech 1351 |
| 16:46 | Research | Tech 1351 |
| 17:04 | Create | Unit 2550 |
| 17:07 | Create | Villager (Male) |
| 17:21 | Create | Villager (Male) |
| 17:30 | Build | Farm |
| 17:31 | Build | Farm |
| 17:33 | Create | Unit 2550 |
| 17:34 | Create | Unit 2550 |
| 17:34 | Create | Unit 2550 |
| 17:51 | Create | Villager (Male) |
| 18:00 | Create | Unit 2550 |
| 18:03 | Build | House |
| 18:05 | Build | Farm |
| 18:12 | Create | Unit 2550 |
| 18:22 | Create | Unit 2550 |
| 18:22 | Create | Unit 2550 |
| 18:25 | Create | Villager (Male) |
| 18:32 | Build | Farm |
| 18:33 | Build | Farm |
| 18:37 | Build | House |
| 18:38 | Build | House |
| 18:40 | Create | Unit 2550 |
| 18:42 | Create | Villager (Male) |
| 19:02 | Research | Wheelbarrow |
| 19:02 | Research | Wheelbarrow |
| 19:29 | Research | Bow Saw |
| 19:33 | Research | Heavy Plow |
| 19:52 | Build | House |
| 19:55 | Build | Farm |
| 20:17 | Create | Villager (Male) |
| 20:25 | Create | Villager (Male) |
| 20:34 | Build | Town Center |
| 20:49 | Build | Town Center |
| 20:54 | Create | Villager (Male) |
| 21:17 | Create | Villager (Male) |
| 21:45 | Create | Villager (Male) |
| 21:48 | Build | Town Center |
| 21:57 | Create | Villager (Male) |
| 21:58 | Create | Villager (Male) |
| 21:58 | Create | Villager (Male) |
| 22:03 | Build | Farm |
| 22:03 | Build | Farm |
| 22:16 | Create | Villager (Male) |
| 22:27 | Research | Chain Mail Armor |
| 22:29 | Create | Villager (Male) |
| 22:47 | Create | Unit 2550 |
| 22:48 | Create | Villager (Male) |
| 22:49 | Create | Villager (Male) |
| 22:49 | Create | Villager (Male) |
| 22:54 | Build | Farm |
| 22:54 | Build | Farm |
| 22:55 | Build | Farm |
| 22:55 | Build | Farm |
| 22:55 | Build | Farm |
| 22:55 | Build | Farm |
| 23:04 | Create | Villager (Male) |
| 23:04 | Create | Villager (Male) |
| 23:10 | Create | Villager (Male) |
| 23:18 | Research | Chain Mail Armor |
| 23:18 | Research | Chain Mail Armor |
| 23:21 | Build | Farm |
| 23:24 | Build | Farm |
| 23:24 | Create | Villager (Male) |
| 23:24 | Create | Villager (Male) |
| 23:30 | Create | Villager (Male) |
| 23:45 | Build | Farm |
| 23:46 | Build | Farm |
Build order — Ginger lee fondle your meatballs
First 150 of 452 actions detected
| 0:08 | Create | Villager (Male) |
| 0:09 | Create | Villager (Male) |
| 0:10 | Build | House |
| 0:11 | Build | House |
| 0:19 | Create | Villager (Male) |
| 0:20 | Create | Villager (Male) |
| 1:35 | Create | Villager (Male) |
| 1:35 | Create | Villager (Male) |
| 1:53 | Build | Lumber Camp |
| 2:03 | Create | Villager (Male) |
| 2:36 | Create | Villager (Male) |
| 3:14 | Create | Villager (Male) |
| 3:14 | Create | Villager (Male) |
| 3:14 | Create | Villager (Male) |
| 3:24 | Create | Villager (Male) |
| 3:51 | Build | House |
| 4:08 | Build | House |
| 4:28 | Create | Villager (Male) |
| 4:28 | Create | Villager (Male) |
| 4:44 | Build | Mill |
| 4:48 | Create | Villager (Male) |
| 4:51 | Build | House |
| 5:00 | Create | Villager (Male) |
| 5:10 | Create | Villager (Male) |
| 6:00 | Create | Villager (Male) |
| 6:00 | Create | Villager (Male) |
| 6:34 | Create | Villager (Male) |
| 6:41 | Create | Villager (Male) |
| 6:43 | Create | Villager (Male) |
| 7:24 | Build | Lumber Camp |
| 7:26 | Create | Villager (Male) |
| 8:12 | Build | Farm |
| 8:17 | Build | Farm |
| 8:24 | Build | Farm |
| 8:38 | Build | Farm |
| 8:50 | Build | Farm |
| 8:59 | Create | Villager (Male) |
| 9:02 | Build | Farm |
| 9:07 | Research | Feudal Age |
| 9:30 | Create | Villager (Male) |
| 9:39 | Build | Farm |
| 10:07 | Create | Villager (Male) |
| 10:28 | Build | Mining Camp |
| 11:21 | Build | Mining Camp |
| 11:30 | Create | Villager (Male) |
| 11:39 | Age | Feudal Age |
| 11:58 | Build | Market |
| 12:11 | Create | Villager (Male) |
| 12:25 | Build | Blacksmith |
| 13:09 | Research | Castle Age |
| 13:25 | Build | House |
| 13:31 | Build | Farm |
| 14:07 | Build | Farm |
| 14:09 | Research | Double-Bit Axe |
| 14:18 | Research | Loom |
| 15:59 | Age | Castle Age |
| 16:01 | Create | Villager (Male) |
| 16:18 | Build | Castle |
| 16:25 | Build | Palisade Gate |
| 16:36 | Create | Villager (Male) |
| 16:38 | Research | Gold Mining |
| 16:39 | Research | Gold Mining |
| 16:57 | Build | House |
| 17:10 | Create | Villager (Male) |
| 17:11 | Build | Siege Workshop |
| 17:44 | Create | Villager (Male) |
| 18:00 | Create | Mangonel |
| 18:02 | Create | Villager (Male) |
| 18:07 | Build | Stone Wall |
| 18:15 | Build | House |
| 18:32 | Build | Stone Wall |
| 19:06 | Create | Villager (Male) |
| 19:31 | Build | House |
| 20:03 | Build | Castle |
| 20:14 | Create | Villager (Male) |
| 20:42 | Build | House |
| 20:44 | Build | House |
| 21:14 | Research | Imperial Age |
| 21:14 | Research | Imperial Age |
| 21:27 | Build | Monastery |
| 21:52 | Create | Villager (Male) |
| 22:06 | Build | Monastery |
| 22:23 | Research | Sanctity |
| 22:48 | Research | Fervor |
| 22:49 | Create | Monk |
| 22:52 | Create | Villager (Male) |
| 22:55 | Research | Horse Collar |
| 23:03 | Create | Cataphract |
| 23:05 | Build | Farm |
| 23:30 | Create | Cataphract |
| 23:54 | Build | Mining Camp |
| 24:01 | Create | Cataphract |
| 24:05 | Create | Monk |
| 24:24 | Age | Imperial Age |
| 24:32 | Create | Trebuchet (Packed) |
| 24:45 | Create | Cataphract |
| 24:55 | Build | Farm |
| 24:56 | Create | Villager (Male) |
| 25:03 | Create | Villager (Male) |
| 25:20 | Create | Trebuchet (Packed) |
| 25:47 | Create | Cataphract |
| 25:53 | Create | Monk |
| 26:21 | Create | Monk |
| 26:28 | Create | Villager (Male) |
| 26:32 | Research | Block Printing |
| 26:38 | Create | Trebuchet (Packed) |
| 26:40 | Create | Villager (Male) |
| 26:52 | Research | Block Printing |
| 26:52 | Research | Block Printing |
| 26:55 | Create | Villager (Male) |
| 26:57 | Build | Farm |
| 27:14 | Create | Monk |
| 27:49 | Create | Monk |
| 27:49 | Create | Monk |
| 27:51 | Create | Villager (Male) |
| 27:51 | Create | Villager (Male) |
| 28:11 | Create | Trebuchet (Packed) |
| 28:14 | Create | Monk |
| 28:19 | Create | Villager (Male) |
| 28:19 | Create | Villager (Male) |
| 28:40 | Research | Illumination |
| 28:45 | Research | Theocracy |
| 28:47 | Create | Villager (Male) |
| 29:02 | Create | Monk |
| 29:08 | Create | Trebuchet (Packed) |
| 29:40 | Create | Villager (Male) |
| 29:45 | Build | Town Center |
| 30:19 | Create | Trebuchet (Packed) |
| 30:21 | Create | Monk |
| 30:22 | Create | Monk |
| 30:22 | Create | Monk |
| 30:23 | Create | Villager (Male) |
| 30:49 | Create | Villager (Male) |
| 30:59 | Create | Monk |
| 31:00 | Create | Monk |
| 31:19 | Create | Villager (Male) |
| 31:46 | Build | Farm |
| 31:46 | Build | Farm |
| 31:46 | Build | Farm |
| 31:47 | Build | Farm |
| 31:47 | Build | Farm |
| 31:47 | Build | Farm |
| 31:47 | Build | Farm |
| 31:58 | Create | Monk |
| 31:59 | Create | Villager (Male) |
| 32:00 | Create | Villager (Male) |
| 32:16 | Build | Farm |
| 32:32 | Create | Villager (Male) |
| 32:38 | Create | Monk |
| 32:39 | Create | Monk |
Build order — Dott_Berlu
First 150 of 491 actions detected
| 0:03 | Create | Villager (Male) |
| 0:03 | Create | Villager (Male) |
| 0:03 | Create | Villager (Male) |
| 0:03 | Create | Villager (Male) |
| 0:03 | Create | Villager (Male) |
| 0:04 | Create | Villager (Male) |
| 0:05 | Build | House |
| 0:06 | Build | House |
| 0:20 | Build | House |
| 1:31 | Create | Villager (Male) |
| 1:31 | Create | Villager (Male) |
| 2:03 | Create | Villager (Male) |
| 2:14 | Build | Lumber Camp |
| 2:22 | Create | Villager (Male) |
| 2:47 | Create | Villager (Male) |
| 3:10 | Create | Villager (Male) |
| 3:30 | Create | Villager (Male) |
| 3:30 | Create | Villager (Male) |
| 3:49 | Create | Villager (Male) |
| 4:08 | Create | Villager (Male) |
| 4:08 | Create | Villager (Male) |
| 4:35 | Create | Villager (Male) |
| 4:37 | Create | Villager (Male) |
| 4:37 | Create | Villager (Male) |
| 4:59 | Build | Mill |
| 5:24 | Create | Villager (Male) |
| 5:31 | Build | House |
| 5:32 | Build | House |
| 5:40 | Create | Villager (Male) |
| 5:40 | Create | Villager (Male) |
| 5:50 | Build | House |
| 6:27 | Create | Villager (Male) |
| 6:27 | Create | Villager (Male) |
| 7:22 | Build | Farm |
| 7:26 | Build | Farm |
| 7:35 | Build | Farm |
| 7:42 | Create | Villager (Male) |
| 8:00 | Build | Mining Camp |
| 8:02 | Create | Villager (Male) |
| 8:27 | Build | Farm |
| 8:35 | Research | Feudal Age |
| 9:11 | Build | Farm |
| 10:38 | Create | Villager (Male) |
| 10:39 | Create | Villager (Male) |
| 10:58 | Age | Feudal Age |
| 11:01 | Build | Market |
| 11:03 | Build | Blacksmith |
| 11:51 | Research | Castle Age |
| 12:10 | Research | Double-Bit Axe |
| 12:10 | Research | Double-Bit Axe |
| 12:32 | Research | Horse Collar |
| 12:35 | Build | Farm |
| 12:38 | Build | Farm |
| 12:47 | Build | Farm |
| 13:02 | Research | Gold Mining |
| 13:52 | Create | Villager (Male) |
| 13:52 | Create | Villager (Male) |
| 14:31 | Age | Castle Age |
| 14:33 | Build | Siege Workshop |
| 14:38 | Build | Siege Workshop |
| 15:04 | Create | Villager (Male) |
| 15:10 | Build | House |
| 15:18 | Create | Armored Elephant |
| 15:21 | Create | Armored Elephant |
| 15:25 | Build | House |
| 15:27 | Create | Villager (Male) |
| 15:29 | Build | Farm |
| 15:32 | Build | Farm |
| 15:34 | Build | Farm |
| 15:35 | Build | Farm |
| 15:37 | Build | Farm |
| 15:48 | Research | Bow Saw |
| 15:59 | Create | Armored Elephant |
| 16:07 | Create | Scorpion |
| 16:22 | Build | House |
| 17:09 | Create | Villager (Male) |
| 17:10 | Create | Villager (Male) |
| 17:18 | Build | Building 487 |
| 17:26 | Create | Scorpion |
| 17:26 | Create | Armored Elephant |
| 17:43 | Create | Villager (Male) |
| 17:44 | Create | Villager (Male) |
| 17:44 | Create | Villager (Male) |
| 17:55 | Create | Villager (Male) |
| 17:56 | Create | Villager (Male) |
| 18:11 | Create | Scorpion |
| 18:35 | Build | House |
| 18:37 | Create | Villager (Male) |
| 18:44 | Build | Monastery |
| 18:55 | Create | Villager (Male) |
| 18:55 | Create | Villager (Male) |
| 19:03 | Create | Villager (Male) |
| 19:20 | Build | House |
| 19:23 | Build | Farm |
| 19:24 | Create | Villager (Male) |
| 19:32 | Build | Town Center |
| 19:42 | Build | House |
| 20:07 | Create | Villager (Male) |
| 20:17 | Create | Villager (Male) |
| 20:18 | Create | Villager (Male) |
| 20:20 | Research | Heavy Plow |
| 20:30 | Build | Outpost |
| 20:44 | Create | Villager (Male) |
| 20:58 | Create | Villager (Male) |
| 20:58 | Create | Villager (Male) |
| 21:09 | Build | Town Center |
| 21:13 | Build | Farm |
| 21:13 | Build | Farm |
| 21:25 | Create | Villager (Male) |
| 21:25 | Create | Villager (Male) |
| 21:26 | Create | Villager (Male) |
| 21:36 | Create | Villager (Male) |
| 21:37 | Create | Villager (Male) |
| 21:50 | Build | Outpost |
| 21:54 | Create | Villager (Male) |
| 21:54 | Create | Villager (Male) |
| 21:56 | Create | Villager (Male) |
| 22:15 | Research | Wheelbarrow |
| 22:15 | Research | Loom |
| 22:41 | Create | Villager (Male) |
| 22:42 | Create | Villager (Male) |
| 22:58 | Create | Villager (Male) |
| 22:59 | Create | Villager (Male) |
| 22:59 | Create | Villager (Male) |
| 23:05 | Create | Villager (Male) |
| 23:09 | Create | Villager (Male) |
| 23:18 | Build | Town Center |
| 23:32 | Create | Villager (Male) |
| 23:36 | Build | Farm |
| 23:37 | Build | Farm |
| 23:37 | Build | Farm |
| 23:37 | Build | Farm |
| 23:37 | Build | Farm |
| 23:56 | Create | Villager (Male) |
| 23:56 | Create | Villager (Male) |
| 24:29 | Create | Villager (Male) |
| 24:29 | Create | Villager (Male) |
| 24:33 | Build | Farm |
| 24:34 | Build | Farm |
| 24:34 | Build | Farm |
| 24:34 | Build | Farm |
| 24:43 | Create | Villager (Male) |
| 24:43 | Create | Villager (Male) |
| 24:45 | Create | Villager (Male) |
| 24:47 | Build | Farm |
| 24:48 | Build | Farm |
| 24:49 | Build | Farm |
| 24:58 | Create | Villager (Male) |
| 24:58 | Create | Villager (Male) |
| 25:04 | Build | Farm |
Build order — Dark Horse
First 150 of 710 actions detected
| 0:00 | Create | Villager (Male) |
| 0:01 | Create | Villager (Male) |
| 0:02 | Build | House |
| 0:03 | Build | House |
| 0:08 | Create | Villager (Male) |
| 0:09 | Create | Villager (Male) |
| 1:35 | Create | Villager (Male) |
| 1:35 | Create | Villager (Male) |
| 1:45 | Build | Lumber Camp |
| 1:57 | Create | Villager (Male) |
| 1:57 | Create | Villager (Male) |
| 2:21 | Create | Villager (Male) |
| 2:21 | Create | Villager (Male) |
| 2:52 | Create | Villager (Male) |
| 2:52 | Create | Villager (Male) |
| 2:52 | Create | Villager (Male) |
| 3:36 | Build | House |
| 3:39 | Create | Villager (Male) |
| 3:39 | Create | Villager (Male) |
| 3:52 | Build | Mill |
| 3:59 | Build | Mill |
| 4:04 | Create | Villager (Male) |
| 4:04 | Create | Villager (Male) |
| 4:12 | Build | House |
| 4:49 | Create | Villager (Male) |
| 4:49 | Create | Villager (Male) |
| 4:49 | Create | Villager (Male) |
| 4:50 | Create | Villager (Male) |
| 5:44 | Create | Villager (Male) |
| 5:44 | Create | Villager (Male) |
| 5:44 | Create | Villager (Male) |
| 5:58 | Create | Villager (Male) |
| 5:58 | Create | Villager (Male) |
| 6:12 | Create | Villager (Male) |
| 6:12 | Create | Villager (Male) |
| 6:21 | Build | House |
| 6:34 | Create | Villager (Male) |
| 6:35 | Create | Villager (Male) |
| 7:09 | Build | Mining Camp |
| 8:01 | Build | Farm |
| 8:05 | Build | Farm |
| 8:06 | Create | Villager (Male) |
| 8:07 | Create | Villager (Male) |
| 8:10 | Build | Farm |
| 8:13 | Build | Farm |
| 8:29 | Build | Farm |
| 9:03 | Build | Farm |
| 9:22 | Research | Feudal Age |
| 9:59 | Build | Farm |
| 10:05 | Create | Villager (Male) |
| 10:05 | Create | Villager (Male) |
| 11:45 | Age | Feudal Age |
| 11:51 | Build | Blacksmith |
| 11:53 | Build | Market |
| 12:04 | Research | Double-Bit Axe |
| 12:25 | Build | House |
| 12:42 | Research | Castle Age |
| 12:42 | Research | Castle Age |
| 12:56 | Create | Villager (Male) |
| 12:56 | Create | Villager (Male) |
| 12:59 | Research | Horse Collar |
| 13:04 | Build | House |
| 13:10 | Build | House |
| 13:36 | Build | Lumber Camp |
| 15:22 | Age | Castle Age |
| 15:25 | Build | Town Center |
| 15:27 | Build | Town Center |
| 15:31 | Research | Bow Saw |
| 15:44 | Build | Monastery |
| 15:50 | Build | Monastery |
| 15:56 | Build | Monastery |
| 16:06 | Create | Villager (Male) |
| 16:26 | Create | Villager (Male) |
| 16:26 | Create | Villager (Male) |
| 16:26 | Create | Villager (Male) |
| 16:28 | Create | Villager (Male) |
| 16:28 | Create | Villager (Male) |
| 16:30 | Create | Villager (Male) |
| 16:33 | Create | Villager (Male) |
| 16:34 | Create | Villager (Male) |
| 16:39 | Build | Farm |
| 16:41 | Build | Farm |
| 16:42 | Build | Farm |
| 16:45 | Create | Monk |
| 16:56 | Create | Villager (Male) |
| 16:56 | Create | Villager (Male) |
| 16:59 | Build | Farm |
| 17:02 | Build | Farm |
| 17:05 | Build | Farm |
| 17:07 | Build | Farm |
| 17:11 | Build | Farm |
| 17:13 | Build | Farm |
| 17:14 | Build | Farm |
| 17:17 | Create | Villager (Male) |
| 17:18 | Create | Villager (Male) |
| 17:18 | Create | Villager (Male) |
| 17:22 | Build | House |
| 17:26 | Build | House |
| 17:31 | Create | Monk |
| 17:35 | Create | Villager (Male) |
| 17:36 | Create | Villager (Male) |
| 18:00 | Create | Villager (Male) |
| 18:00 | Create | Villager (Male) |
| 18:00 | Create | Villager (Male) |
| 18:04 | Build | Farm |
| 18:07 | Build | Farm |
| 18:08 | Build | Farm |
| 18:11 | Build | Farm |
| 18:13 | Create | Villager (Male) |
| 18:14 | Create | Villager (Male) |
| 18:17 | Build | Farm |
| 18:20 | Build | Farm |
| 18:22 | Build | Farm |
| 18:29 | Create | Villager (Male) |
| 18:29 | Create | Villager (Male) |
| 18:56 | Create | Villager (Male) |
| 18:56 | Create | Villager (Male) |
| 18:57 | Create | Villager (Male) |
| 19:05 | Build | Farm |
| 19:06 | Build | Farm |
| 19:13 | Create | Villager (Male) |
| 19:13 | Create | Villager (Male) |
| 19:14 | Create | Villager (Male) |
| 19:18 | Build | Siege Workshop |
| 19:40 | Create | Villager (Male) |
| 19:40 | Create | Villager (Male) |
| 19:45 | Build | House |
| 19:45 | Build | House |
| 19:46 | Build | House |
| 19:46 | Build | House |
| 19:46 | Build | House |
| 19:51 | Research | Loom |
| 19:52 | Research | Wheelbarrow |
| 19:54 | Create | Villager (Male) |
| 19:55 | Build | Farm |
| 20:08 | Create | Villager (Male) |
| 20:08 | Create | Villager (Male) |
| 20:09 | Create | Villager (Male) |
| 20:09 | Create | Villager (Male) |
| 20:09 | Create | Villager (Male) |
| 20:13 | Build | Farm |
| 20:21 | Create | Mangonel |
| 20:21 | Create | Villager (Male) |
| 20:22 | Create | Villager (Male) |
| 20:22 | Create | Villager (Male) |
| 20:30 | Build | Farm |
| 20:32 | Build | Farm |
| 20:36 | Build | Mining Camp |
| 20:54 | Create | Villager (Male) |
| 20:55 | Create | Villager (Male) |
Build order — Mettiu
First 150 of 554 actions detected
| 0:02 | Create | Villager (Male) ×4 |
| 0:03 | Build | House |
| 0:04 | Build | House |
| 1:30 | Create | Villager (Male) |
| 2:00 | Create | Villager (Male) |
| 2:12 | Create | Villager (Male) |
| 2:46 | Build | Lumber Camp |
| 2:50 | Create | Villager (Male) |
| 2:53 | Create | Villager (Male) |
| 3:19 | Create | Villager (Male) |
| 3:19 | Create | Villager (Male) |
| 3:28 | Build | House |
| 3:36 | Build | House |
| 4:25 | Create | Villager (Male) |
| 4:41 | Create | Villager (Male) |
| 4:54 | Create | Villager (Male) |
| 4:58 | Build | Mill |
| 5:03 | Create | Villager (Male) |
| 5:26 | Create | Villager (Male) |
| 6:18 | Research | Feudal Age |
| 6:18 | Research | Feudal Age |
| 7:00 | Create | Villager (Male) |
| 7:00 | Create | Villager (Male) |
| 7:18 | Build | House |
| 8:28 | Age | Feudal Age |
| 8:38 | Build | Town Center |
| 9:04 | Create | Villager (Male) |
| 9:16 | Research | Double-Bit Axe |
| 9:17 | Research | Double-Bit Axe |
| 9:20 | Research | Horse Collar |
| 9:20 | Research | Horse Collar |
| 9:23 | Create | Villager (Male) |
| 9:41 | Create | Villager (Male) |
| 9:42 | Build | Farm |
| 9:47 | Create | Villager (Male) |
| 10:02 | Build | Farm |
| 10:07 | Create | Villager (Male) |
| 10:15 | Create | Villager (Male) |
| 10:19 | Build | Farm |
| 10:32 | Build | Farm |
| 10:36 | Create | Villager (Male) |
| 10:37 | Create | Villager (Male) |
| 10:42 | Build | Farm |
| 10:49 | Build | House |
| 11:07 | Create | Villager (Male) |
| 11:11 | Build | Farm |
| 11:14 | Create | Villager (Male) |
| 11:14 | Build | Farm |
| 11:18 | Build | House |
| 11:28 | Build | Farm |
| 11:31 | Build | Farm |
| 11:37 | Create | Villager (Male) |
| 11:43 | Build | Farm |
| 11:51 | Build | Farm |
| 11:57 | Create | Villager (Male) |
| 12:00 | Build | Farm |
| 12:09 | Create | Villager (Male) |
| 12:09 | Create | Villager (Male) |
| 12:14 | Build | Farm |
| 12:15 | Create | Villager (Male) |
| 12:24 | Build | Farm |
| 12:26 | Create | Villager (Male) |
| 12:36 | Create | Villager (Male) |
| 12:40 | Build | Farm |
| 12:50 | Create | Villager (Male) |
| 12:51 | Build | Farm |
| 12:59 | Create | Villager (Male) |
| 13:05 | Build | Farm |
| 13:07 | Build | Farm |
| 13:10 | Create | Villager (Male) |
| 13:17 | Create | Villager (Male) |
| 13:20 | Build | Farm |
| 13:21 | Create | Villager (Male) |
| 13:33 | Build | Farm |
| 13:34 | Build | House |
| 13:40 | Build | House |
| 13:43 | Create | Villager (Male) |
| 13:52 | Create | Villager (Male) |
| 14:01 | Create | Villager (Male) |
| 14:07 | Build | Farm |
| 14:18 | Build | House |
| 14:20 | Create | Villager (Male) |
| 14:30 | Build | Blacksmith |
| 14:31 | Create | Villager (Male) |
| 14:32 | Build | House |
| 14:42 | Create | Villager (Male) |
| 15:02 | Build | Barracks |
| 15:06 | Create | Villager (Male) |
| 15:13 | Create | Villager (Male) |
| 15:18 | Build | Mining Camp |
| 15:31 | Create | Villager (Male) |
| 15:46 | Create | Villager (Male) |
| 15:46 | Create | Villager (Male) |
| 16:01 | Build | Stable |
| 16:05 | Create | Villager (Male) |
| 16:05 | Create | Villager (Male) |
| 16:09 | Build | Farm |
| 16:09 | Build | Farm |
| 16:09 | Build | Farm |
| 16:09 | Build | Farm |
| 16:09 | Build | Farm |
| 16:09 | Build | Farm |
| 16:20 | Build | House |
| 16:22 | Create | Villager (Male) |
| 16:29 | Build | House |
| 16:29 | Build | House |
| 16:30 | Build | House |
| 16:47 | Build | Farm |
| 16:56 | Build | Farm |
| 17:02 | Research | Castle Age |
| 17:03 | Research | Castle Age |
| 17:09 | Create | Villager (Male) |
| 17:12 | Build | Farm |
| 17:35 | Research | Wheelbarrow |
| 17:35 | Research | Wheelbarrow |
| 17:42 | Build | House |
| 17:42 | Build | House |
| 17:46 | Research | Town Watch |
| 17:53 | Build | Farm |
| 17:53 | Build | Farm |
| 17:56 | Create | Scout Cavalry |
| 18:10 | Build | Lumber Camp |
| 18:34 | Create | Scout Cavalry |
| 18:39 | Create | Villager (Male) |
| 18:58 | Build | Mining Camp |
| 19:04 | Create | Villager (Male) |
| 19:08 | Research | Bloodlines |
| 19:08 | Research | Bloodlines |
| 19:13 | Build | House |
| 19:42 | Age | Castle Age |
| 19:45 | Build | Town Center |
| 19:47 | Create | Villager (Male) |
| 19:47 | Create | Villager (Male) |
| 19:48 | Research | Bow Saw |
| 19:48 | Research | Bow Saw |
| 20:08 | Build | House |
| 20:19 | Create | Villager (Male) |
| 20:19 | Create | Villager (Male) |
| 20:22 | Create | Villager (Male) |
| 20:36 | Build | Monastery |
| 20:54 | Create | Villager (Male) |
| 20:54 | Create | Villager (Male) |
| 20:59 | Build | House |
| 21:00 | Create | Villager (Male) |
| 21:02 | Create | Villager (Male) |
| 21:02 | Create | Villager (Male) |
| 21:19 | Create | Villager (Male) |
| 21:19 | Create | Villager (Male) |
| 21:22 | Build | Town Center |
| 21:23 | Create | Monk |
Build order — EoK_pr1ston
First 150 of 705 actions detected
| 0:00 | Create | Villager (Male) |
| 0:01 | Create | Villager (Male) |
| 0:01 | Create | Villager (Male) |
| 0:02 | Build | House |
| 0:04 | Build | House |
| 0:35 | Build | Mill |
| 0:46 | Create | Villager (Male) |
| 0:47 | Create | Villager (Male) |
| 1:34 | Create | Villager (Male) |
| 2:04 | Create | Villager (Male) |
| 2:05 | Create | Villager (Male) |
| 2:20 | Create | Villager (Male) |
| 2:20 | Create | Villager (Male) |
| 2:43 | Create | Villager (Male) |
| 2:43 | Create | Villager (Male) |
| 3:00 | Create | Villager (Male) |
| 3:00 | Create | Villager (Male) |
| 3:06 | Build | House |
| 3:33 | Build | Lumber Camp |
| 3:46 | Create | Villager (Male) |
| 3:46 | Create | Villager (Male) |
| 4:13 | Create | Villager (Male) |
| 4:14 | Create | Villager (Male) |
| 4:14 | Create | Villager (Male) |
| 4:53 | Build | House |
| 4:55 | Build | House |
| 4:58 | Create | Villager (Male) |
| 4:58 | Create | Villager (Male) |
| 5:03 | Create | Villager (Male) |
| 5:03 | Create | Villager (Male) |
| 5:35 | Create | Villager (Male) |
| 5:35 | Create | Villager (Male) |
| 5:35 | Create | Villager (Male) |
| 5:36 | Create | Villager (Male) |
| 6:01 | Create | Villager (Male) |
| 6:54 | Create | Villager (Male) |
| 6:54 | Create | Villager (Male) |
| 6:54 | Create | Villager (Male) |
| 6:55 | Create | Villager (Male) |
| 8:29 | Build | Mining Camp |
| 8:34 | Create | Villager (Male) |
| 8:35 | Research | Feudal Age |
| 9:06 | Build | Farm |
| 9:08 | Build | Farm |
| 9:17 | Build | Farm |
| 9:20 | Build | Farm |
| 10:24 | Create | Villager (Male) |
| 10:25 | Create | Villager (Male) |
| 10:36 | Build | Farm |
| 11:23 | Age | Feudal Age |
| 11:25 | Build | Market |
| 11:27 | Build | Blacksmith |
| 12:08 | Build | House |
| 12:19 | Research | Castle Age |
| 12:34 | Research | Double-Bit Axe |
| 13:03 | Build | House |
| 13:05 | Research | Horse Collar |
| 13:43 | Build | House |
| 14:07 | Create | Villager (Male) |
| 14:07 | Create | Villager (Male) |
| 14:25 | Build | House |
| 14:59 | Age | Castle Age |
| 15:01 | Build | Town Center |
| 15:06 | Build | Town Center |
| 15:19 | Build | Town Center |
| 15:24 | Research | Bow Saw |
| 15:28 | Build | Farm |
| 15:39 | Build | House |
| 15:58 | Create | Villager (Male) |
| 15:59 | Create | Villager (Male) |
| 16:12 | Build | House |
| 16:14 | Create | Villager (Male) |
| 16:14 | Create | Villager (Male) |
| 16:34 | Create | Villager (Male) |
| 16:34 | Create | Villager (Male) |
| 16:36 | Create | Villager (Male) |
| 16:36 | Create | Villager (Male) |
| 16:39 | Build | Farm |
| 16:41 | Build | Farm |
| 16:45 | Build | House |
| 16:54 | Build | Farm |
| 16:58 | Build | Farm |
| 17:01 | Create | Villager (Male) |
| 17:23 | Build | House |
| 17:24 | Create | Villager (Male) |
| 18:04 | Build | Barracks |
| 18:09 | Create | Villager (Male) |
| 18:10 | Create | Villager (Male) |
| 18:10 | Create | Villager (Male) |
| 18:13 | Create | Villager (Male) |
| 18:25 | Build | Farm |
| 18:30 | Build | Farm |
| 18:33 | Build | Farm |
| 18:35 | Build | Farm |
| 18:41 | Build | Stable |
| 18:46 | Build | Stable |
| 18:48 | Build | Farm |
| 18:49 | Create | Villager (Male) |
| 18:50 | Create | Villager (Male) |
| 18:55 | Build | Farm |
| 18:59 | Build | Farm |
| 19:06 | Build | Stable |
| 19:06 | Create | Villager (Male) |
| 19:07 | Create | Villager (Male) |
| 19:07 | Create | Villager (Male) |
| 19:29 | Create | Villager (Male) |
| 19:30 | Create | Villager (Male) |
| 19:35 | Build | Farm |
| 19:38 | Build | Farm |
| 19:41 | Build | Farm |
| 20:02 | Research | Scale Barding Armor |
| 20:12 | Create | Camel Scout |
| 20:12 | Create | Camel Scout |
| 20:12 | Create | Camel Scout |
| 20:16 | Build | Farm |
| 20:20 | Create | Villager (Male) |
| 20:39 | Create | Villager (Male) |
| 20:43 | Build | Farm |
| 20:46 | Build | Farm |
| 20:49 | Build | Farm |
| 20:53 | Build | Farm |
| 20:59 | Create | Camel Scout |
| 20:59 | Create | Camel Scout |
| 20:59 | Create | Camel Scout |
| 21:00 | Create | Camel Scout |
| 21:06 | Create | Villager (Male) |
| 21:14 | Create | Villager (Male) |
| 21:18 | Create | Villager (Male) |
| 21:37 | Create | Camel Scout |
| 21:38 | Create | Camel Scout |
| 21:39 | Create | Camel Scout |
| 21:41 | Build | Farm |
| 21:44 | Create | Villager (Male) |
| 21:50 | Build | Farm |
| 21:53 | Build | Farm |
| 21:59 | Create | Villager (Male) |
| 22:00 | Create | Villager (Male) |
| 22:08 | Build | Farm |
| 22:09 | Build | Farm |
| 22:11 | Build | Farm |
| 22:14 | Build | Farm |
| 22:20 | Research | Bloodlines |
| 22:23 | Create | Villager (Male) |
| 22:26 | Create | Villager (Male) |
| 22:39 | Build | Farm |
| 22:39 | Create | Villager (Male) |
| 22:40 | Create | Villager (Male) |
| 22:41 | Create | Villager (Male) |
| 22:59 | Research | Forging |
| 23:05 | Create | Camel Scout |
Build order — Didi
First 150 of 482 actions detected
| 0:02 | Create | Villager (Male) ×4 |
| 0:02 | Create | Villager (Male) ×4 |
| 0:03 | Build | House |
| 0:04 | Build | House |
| 1:28 | Create | Villager (Male) |
| 1:29 | Create | Villager (Male) |
| 1:45 | Build | Lumber Camp |
| 1:56 | Create | Villager (Male) |
| 1:57 | Create | Villager (Male) |
| 2:15 | Create | Villager (Male) |
| 2:15 | Create | Villager (Male) |
| 3:02 | Create | Villager (Male) |
| 3:02 | Create | Villager (Male) |
| 3:14 | Create | Villager (Male) |
| 3:40 | Create | Villager (Male) |
| 4:10 | Build | House |
| 4:13 | Create | Villager (Male) |
| 4:13 | Create | Villager (Male) |
| 4:22 | Build | Mill |
| 4:28 | Create | Villager (Male) |
| 4:28 | Create | Villager (Male) |
| 4:39 | Create | Villager (Male) |
| 4:40 | Create | Villager (Male) |
| 5:11 | Create | Villager (Male) |
| 5:12 | Create | Villager (Male) |
| 5:34 | Create | Villager (Male) |
| 5:36 | Build | Mining Camp |
| 6:09 | Create | Villager (Male) |
| 6:20 | Create | Villager (Male) |
| 6:29 | Create | Villager (Male) |
| 6:29 | Create | Villager (Male) |
| 6:30 | Create | Villager (Male) |
| 6:33 | Build | House |
| 6:56 | Create | Villager (Male) |
| 7:08 | Create | Villager (Male) |
| 8:18 | Build | House |
| 8:24 | Research | Feudal Age |
| 8:24 | Research | Feudal Age |
| 8:52 | Research | Loom |
| 10:46 | Age | Feudal Age |
| 10:51 | Build | Market |
| 10:53 | Build | Blacksmith |
| 11:57 | Research | Castle Age |
| 12:03 | Build | Mining Camp |
| 12:41 | Research | Double-Bit Axe |
| 12:42 | Research | Double-Bit Axe |
| 14:18 | Build | Farm |
| 14:19 | Build | Farm |
| 14:37 | Age | Castle Age |
| 14:44 | Build | Castle |
| 14:57 | Create | Villager (Male) |
| 14:59 | Create | Villager (Male) |
| 15:03 | Build | Farm |
| 15:04 | Build | Farm |
| 15:31 | Build | Lumber Camp |
| 15:38 | Research | Fletching |
| 15:56 | Build | Farm |
| 16:08 | Create | Throwing Axeman |
| 16:08 | Create | Throwing Axeman |
| 16:22 | Build | Farm |
| 16:32 | Create | Throwing Axeman |
| 16:33 | Create | Throwing Axeman |
| 16:44 | Build | Farm |
| 16:48 | Create | Villager (Male) |
| 16:49 | Create | Villager (Male) |
| 17:32 | Create | Throwing Axeman |
| 17:52 | Create | Throwing Axeman |
| 17:57 | Build | Siege Workshop |
| 17:58 | Create | Villager (Male) |
| 18:07 | Build | Farm |
| 18:08 | Build | Farm |
| 18:15 | Create | Throwing Axeman |
| 18:16 | Create | Throwing Axeman |
| 18:28 | Create | Throwing Axeman |
| 18:39 | Build | Monastery |
| 18:48 | Create | Mangonel |
| 18:50 | Create | Villager (Male) |
| 19:11 | Create | Villager (Male) |
| 19:22 | Create | Throwing Axeman |
| 19:23 | Create | Throwing Axeman |
| 19:37 | Create | Battering Ram |
| 19:48 | Create | Throwing Axeman |
| 19:49 | Create | Throwing Axeman |
| 21:14 | Create | Mangonel |
| 21:23 | Create | Throwing Axeman |
| 22:02 | Create | Villager (Male) |
| 22:04 | Build | Town Center |
| 22:32 | Research | Wheelbarrow |
| 22:35 | Create | Villager (Male) |
| 22:47 | Research | Forging |
| 22:48 | Create | Villager (Male) |
| 22:52 | Build | Town Center |
| 22:55 | Create | Villager (Male) |
| 23:03 | Research | Gold Mining |
| 23:11 | Create | Throwing Axeman |
| 23:11 | Create | Throwing Axeman |
| 23:11 | Create | Throwing Axeman |
| 23:42 | Create | Villager (Male) |
| 23:45 | Build | Farm |
| 23:45 | Build | Farm |
| 23:59 | Create | Throwing Axeman |
| 23:59 | Create | Throwing Axeman |
| 24:09 | Create | Villager (Male) |
| 24:18 | Build | Farm |
| 24:19 | Build | Farm |
| 24:20 | Create | Villager (Male) |
| 25:08 | Build | Lumber Camp |
| 25:15 | Create | Villager (Male) ×4 |
| 25:18 | Build | Farm |
| 25:26 | Create | Throwing Axeman |
| 25:40 | Create | Villager (Male) |
| 25:49 | Research | Scale Mail Armor |
| 25:51 | Create | Villager (Male) |
| 25:51 | Create | Villager (Male) |
| 25:52 | Build | Farm |
| 25:55 | Create | Villager (Male) |
| 25:57 | Build | Farm |
| 26:07 | Research | Stone Mining |
| 26:08 | Create | Villager (Male) |
| 26:09 | Create | Villager (Male) |
| 26:17 | Build | Farm |
| 26:19 | Build | Farm |
| 26:20 | Create | Villager (Male) |
| 26:31 | Create | Villager (Male) |
| 26:40 | Create | Villager (Male) |
| 26:48 | Build | Farm |
| 26:49 | Build | Farm |
| 26:49 | Build | Farm |
| 26:50 | Create | Villager (Male) |
| 26:54 | Create | Villager (Male) |
| 26:54 | Create | Villager (Male) |
| 26:55 | Create | Villager (Male) |
| 27:06 | Create | Throwing Axeman |
| 27:17 | Create | Villager (Male) |
| 27:17 | Create | Villager (Male) |
| 27:19 | Build | House |
| 27:20 | Build | House |
| 27:20 | Build | House |
| 27:22 | Create | Villager (Male) |
| 27:22 | Create | Villager (Male) |
| 27:30 | Create | Villager (Male) |
| 27:32 | Create | Villager (Male) |
| 27:48 | Create | Throwing Axeman |
| 27:51 | Create | Villager (Male) |
| 28:06 | Create | Villager (Male) |
| 28:07 | Create | Villager (Male) |
| 28:09 | Build | Farm |
| 28:09 | Build | Farm |
| 28:09 | Build | Farm |
| 28:09 | Build | Farm |
Build order — Simvall
First 150 of 987 actions detected
| 0:02 | Create | Villager (Male) |
| 0:02 | Create | Villager (Male) |
| 0:03 | Create | Villager (Male) |
| 0:03 | Create | Villager (Male) |
| 0:04 | Build | House |
| 0:05 | Build | House |
| 1:27 | Create | Villager (Male) |
| 1:28 | Create | Villager (Male) |
| 2:02 | Build | Lumber Camp |
| 2:04 | Create | Villager (Male) |
| 2:04 | Create | Villager (Male) |
| 2:05 | Create | Villager (Male) |
| 2:22 | Create | Villager (Male) |
| 2:22 | Create | Villager (Male) |
| 2:23 | Create | Villager (Male) |
| 2:23 | Create | Villager (Male) |
| 3:07 | Create | Villager (Male) |
| 3:07 | Create | Villager (Male) |
| 3:07 | Create | Villager (Male) |
| 3:42 | Create | Villager (Male) |
| 3:42 | Create | Villager (Male) |
| 3:42 | Create | Villager (Male) |
| 3:44 | Build | House |
| 3:44 | Build | House |
| 4:09 | Create | Villager (Male) |
| 4:10 | Create | Villager (Male) |
| 4:15 | Create | Villager (Male) |
| 4:15 | Create | Villager (Male) |
| 4:27 | Create | Villager (Male) |
| 4:27 | Create | Villager (Male) |
| 4:27 | Create | Villager (Male) |
| 4:38 | Create | Villager (Male) |
| 4:38 | Create | Villager (Male) |
| 4:44 | Build | Mill |
| 5:21 | Create | Villager (Male) |
| 5:21 | Create | Villager (Male) |
| 6:06 | Create | Villager (Male) |
| 6:06 | Create | Villager (Male) |
| 6:06 | Create | Villager (Male) |
| 6:14 | Create | Villager (Male) |
| 6:14 | Create | Villager (Male) |
| 6:57 | Build | Mining Camp |
| 7:55 | Create | Villager (Male) |
| 8:09 | Create | Villager (Male) |
| 8:38 | Research | Feudal Age |
| 8:38 | Research | Feudal Age |
| 8:59 | Build | House |
| 10:09 | Create | Villager (Male) |
| 10:09 | Create | Villager (Male) |
| 10:57 | Age | Feudal Age |
| 11:00 | Build | Market |
| 11:03 | Build | Blacksmith |
| 11:37 | Research | Double-Bit Axe |
| 11:51 | Research | Castle Age |
| 11:52 | Research | Castle Age |
| 11:52 | Research | Castle Age |
| 12:01 | Research | Horse Collar |
| 12:01 | Research | Horse Collar |
| 12:27 | Build | Farm |
| 12:29 | Build | Farm |
| 12:32 | Build | Farm |
| 12:34 | Build | Farm |
| 12:53 | Build | Farm |
| 12:56 | Build | Farm |
| 13:00 | Build | Farm |
| 13:03 | Build | Farm |
| 14:08 | Create | Villager (Male) |
| 14:09 | Create | Villager (Male) |
| 14:22 | Build | House |
| 14:31 | Age | Castle Age |
| 14:35 | Build | Siege Workshop |
| 15:04 | Build | House |
| 15:05 | Create | Villager (Male) |
| 15:09 | Build | Town Center |
| 15:22 | Build | House |
| 15:31 | Build | House |
| 15:32 | Build | Palisade Wall |
| 15:35 | Build | House |
| 15:36 | Create | Villager (Male) |
| 15:41 | Build | House |
| 15:43 | Build | House |
| 15:45 | Build | House |
| 15:47 | Build | House |
| 15:49 | Create | Villager (Male) |
| 16:01 | Create | Villager (Male) |
| 16:02 | Create | Villager (Male) |
| 16:09 | Create | Mangonel |
| 16:09 | Create | Mangonel |
| 16:23 | Build | Farm |
| 16:33 | Build | House |
| 16:42 | Build | Palisade Wall |
| 16:54 | Create | Scorpion |
| 16:57 | Build | House |
| 16:58 | Create | Villager (Male) |
| 17:01 | Build | House |
| 17:03 | Build | House |
| 17:10 | Build | House |
| 17:16 | Research | Loom |
| 17:16 | Research | Loom |
| 17:36 | Create | Villager (Male) |
| 17:44 | Create | Villager (Male) |
| 17:45 | Create | Villager (Male) |
| 18:01 | Create | Villager (Male) |
| 18:06 | Create | Villager (Male) |
| 18:07 | Create | Villager (Male) |
| 18:14 | Build | Town Center |
| 18:24 | Build | House |
| 18:25 | Create | Villager (Male) |
| 18:32 | Build | Farm |
| 18:33 | Build | Farm |
| 18:34 | Create | Villager (Male) |
| 18:49 | Build | House |
| 18:52 | Create | Villager (Male) |
| 18:52 | Create | Villager (Male) |
| 19:05 | Build | Farm |
| 19:06 | Create | Villager (Male) |
| 19:06 | Create | Villager (Male) |
| 19:09 | Research | Town Watch |
| 19:09 | Research | Town Watch |
| 19:20 | Build | Farm |
| 19:24 | Create | Villager (Male) |
| 19:29 | Build | Outpost |
| 19:30 | Build | House |
| 19:31 | Build | House |
| 19:33 | Create | Villager (Male) |
| 19:33 | Create | Villager (Male) |
| 19:50 | Build | House |
| 20:09 | Create | Mangonel |
| 20:23 | Build | House |
| 20:34 | Create | Villager (Male) |
| 20:34 | Create | Villager (Male) |
| 20:34 | Create | Villager (Male) |
| 20:37 | Build | Farm |
| 20:43 | Build | House |
| 20:45 | Create | Villager (Male) |
| 20:46 | Create | Villager (Male) |
| 21:00 | Build | House |
| 21:02 | Build | House |
| 21:18 | Create | Villager (Male) |
| 21:22 | Create | Villager (Male) |
| 21:27 | Build | Castle |
| 21:33 | Create | Villager (Male) |
| 21:44 | Build | House |
| 21:51 | Create | Villager (Male) |
| 21:51 | Create | Villager (Male) |
| 21:54 | Build | House |
| 22:00 | Create | Villager (Male) |
| 22:01 | Create | Villager (Male) |
| 22:01 | Create | Villager (Male) |
| 22:26 | Create | Villager (Male) |
Match timeline
| 8:28 | Mettiu · age_up feudal |
| 10:46 | Didi · age_up feudal |
| 10:57 | Simvall · age_up feudal |
| 10:58 | Dott_Berlu · age_up feudal |
| 11:23 | EoK_pr1ston · age_up feudal |
| 11:39 | Ginger lee fondle your meatballs · age_up feudal |
| 11:45 | Dark Horse · age_up feudal |
| 11:46 | Didi · first_market_sell 100 stone |
| 11:51 | Marco Aurelio · age_up feudal |
| 13:26 | Marco Aurelio · first_building Barracks |
| 13:55 | Marco Aurelio · first_market_buy 100 wood |
| 14:31 | Dott_Berlu · age_up castle |
| 14:31 | Simvall · age_up castle |
| 14:33 | Dott_Berlu · first_building Siege Workshop |
| 14:35 | Simvall · first_building Siege Workshop |
| 14:37 | Didi · age_up castle |
| 14:44 | Didi · first_building Castle |
| 14:50 | EoK_pr1ston · first_market_buy 100 stone |
| 14:59 | EoK_pr1ston · age_up castle |
| 15:02 | Mettiu · first_building Barracks |
| 15:21 | Marco Aurelio · age_up castle |
| 15:22 | Dark Horse · age_up castle |
| 15:32 | Simvall · wall_segment Palisade Wall x1 |
| 15:44 | Dark Horse · first_building Monastery |
| 15:59 | Ginger lee fondle your meatballs · age_up castle |
| 16:01 | Mettiu · first_building Stable |
| 16:18 | Ginger lee fondle your meatballs · first_building Castle |
| 16:31 | Didi · first_market_buy 100 food |
| 16:42 | Simvall · wall_segment Palisade Wall x1 |
| 17:11 | Ginger lee fondle your meatballs · first_building Siege Workshop |
| 17:57 | Didi · first_building Siege Workshop |
| 17:59 | Ginger lee fondle your meatballs · first_market_buy 100 wood |
| 18:04 | EoK_pr1ston · first_building Barracks |
| 18:07 | Ginger lee fondle your meatballs · wall_segment Stone Wall x7 |
| 18:32 | Ginger lee fondle your meatballs · wall_segment Stone Wall x5 |
| 18:39 | Didi · first_building Monastery |
| 18:41 | EoK_pr1ston · first_building Stable |
| 18:44 | Dott_Berlu · first_building Monastery |
| 19:18 | Dark Horse · first_building Siege Workshop |
| 19:42 | Mettiu · age_up castle |
| 20:07 | Simvall · first_market_buy 100 wood |
| 20:36 | Mettiu · first_building Monastery |
| 20:43 | Marco Aurelio · first_market_sell 100 food |
| 21:04 | Dott_Berlu · first_market_buy 100 stone |
| 21:27 | Ginger lee fondle your meatballs · first_building Monastery |
| 21:27 | Simvall · first_building Castle |
| 23:47 | EoK_pr1ston · first_building Siege Workshop |
| 24:24 | Ginger lee fondle your meatballs · age_up imperial |
| 25:01 | Dark Horse · first_building Castle |
| 25:11 | EoK_pr1ston · wall_segment Stone Wall x1 |
| 25:15 | Mettiu · first_building Castle |
| 25:23 | Mettiu · first_building Siege Workshop |
| 26:00 | EoK_pr1ston · first_building Castle |
| 26:16 | Dark Horse · first_market_sell 100 wood |
| 26:19 | Dott_Berlu · wall_segment Stone Wall x12 |
| 26:40 | Dott_Berlu · wall_segment Stone Wall x14 |
| 26:51 | Dark Horse · tribute_sent a jugador 1 |
| 26:51 | Dark Horse · tribute_sent a jugador 2 |
| 26:51 | Dark Horse · tribute_sent a jugador 4 |
| 26:51 | Dark Horse · tribute_sent a jugador 5 |
| 26:51 | Dark Horse · tribute_sent a jugador 6 |
| 26:51 | Dark Horse · tribute_sent a jugador 7 |
| 26:51 | Dark Horse · tribute_sent a jugador 8 |
| 27:04 | Dark Horse · first_building Barracks |
| 27:41 | Dott_Berlu · wall_segment Stone Wall x9 |
| 27:49 | Dott_Berlu · wall_segment Stone Wall x7 |
| 27:59 | Dark Horse · first_building Stable |
| 28:06 | Mettiu · first_market_sell 100 wood |
| 28:31 | Dott_Berlu · first_market_sell 500 wood |
| 28:39 | Dark Horse · tribute_sent a jugador 1 |
| 28:39 | Dark Horse · tribute_sent a jugador 2 |
| 28:39 | Dark Horse · tribute_sent a jugador 4 |
| 28:39 | Dark Horse · tribute_sent a jugador 5 |
| 28:39 | Dark Horse · tribute_sent a jugador 6 |
| 28:39 | Dark Horse · tribute_sent a jugador 7 |
| 28:39 | Dark Horse · tribute_sent a jugador 8 |
| 28:50 | Dott_Berlu · first_building Castle |
| 29:19 | Mettiu · age_up imperial |
| 29:30 | Dark Horse · age_up imperial |
| 29:43 | Marco Aurelio · first_building Monastery |
| 30:15 | Simvall · first_building Barracks |
| 30:59 | Didi · first_building Barracks |
| 31:18 | Dott_Berlu · wall_segment Stone Wall x5 |
| 31:28 | Marco Aurelio · first_building Siege Workshop |
| 31:37 | EoK_pr1ston · wall_segment Stone Wall x1 |
| 31:37 | EoK_pr1ston · age_up imperial |
| 32:06 | EoK_pr1ston · first_market_sell 500 food |
| 32:57 | Dott_Berlu · first_building Barracks |
| 34:13 | Dott_Berlu · first_building Archery Range |
| 34:18 | Ginger lee fondle your meatballs · first_building Barracks |
| 34:31 | Dark Horse · wall_segment Stone Wall x1 |
| 34:32 | Dott_Berlu · first_building Stable |
| 34:32 | Marco Aurelio · first_building Castle |
| 34:59 | Simvall · age_up imperial |
| 35:27 | Ginger lee fondle your meatballs · first_building Archery Range |
| 35:35 | Marco Aurelio · age_up imperial |
| 35:50 | Dott_Berlu · age_up imperial |
| 36:11 | Mettiu · first_market_buy 100 wood |
| 36:44 | Didi · wall_segment Palisade Wall x1 |
| 36:46 | Didi · wall_segment Palisade Wall x1 |
| 36:47 | EoK_pr1ston · first_building Archery Range |
| 36:48 | Didi · wall_segment Palisade Wall x1 |
| 36:49 | Didi · wall_segment Palisade Wall x1 |
| 38:19 | Simvall · first_market_sell 100 food |
| 38:24 | Didi · age_up imperial |
| 41:54 | Dark Horse · first_market_buy 100 stone |
| 43:53 | Dott_Berlu · tribute_sent a jugador 1 |
| 43:53 | Dott_Berlu · tribute_sent a jugador 3 |
| 43:53 | Dott_Berlu · tribute_sent a jugador 4 |
| 43:53 | Dott_Berlu · tribute_sent a jugador 5 |
| 43:53 | Dott_Berlu · tribute_sent a jugador 6 |
| 43:53 | Dott_Berlu · tribute_sent a jugador 7 |
| 43:53 | Dott_Berlu · tribute_sent a jugador 8 |
| 43:54 | Simvall · tribute_sent a jugador 1 |
| 43:54 | Simvall · tribute_sent a jugador 2 |
| 43:54 | Simvall · tribute_sent a jugador 3 |
| 43:54 | Simvall · tribute_sent a jugador 4 |
| 43:54 | Simvall · tribute_sent a jugador 5 |
| 43:54 | Simvall · tribute_sent a jugador 6 |
| 43:54 | Simvall · tribute_sent a jugador 7 |
| 47:16 | Dott_Berlu · tribute_sent a jugador 1 |
| 47:16 | Dott_Berlu · tribute_sent a jugador 3 |
| 47:16 | Dott_Berlu · tribute_sent a jugador 4 |
| 47:16 | Dott_Berlu · tribute_sent a jugador 5 |
| 47:16 | Dott_Berlu · tribute_sent a jugador 6 |
| 47:16 | Dott_Berlu · tribute_sent a jugador 7 |
| 47:16 | Dott_Berlu · tribute_sent a jugador 8 |
| 49:34 | Ginger lee fondle your meatballs · wall_segment Stone Wall x6 |
| 49:41 | EoK_pr1ston · tribute_sent a jugador 1 |
| 49:41 | EoK_pr1ston · tribute_sent a jugador 2 |
| 49:41 | EoK_pr1ston · tribute_sent a jugador 3 |
| 49:41 | EoK_pr1ston · tribute_sent a jugador 4 |
| 49:41 | EoK_pr1ston · tribute_sent a jugador 6 |
| 49:41 | EoK_pr1ston · tribute_sent a jugador 7 |
| 49:41 | EoK_pr1ston · tribute_sent a jugador 8 |
| 50:00 | Simvall · tribute_sent a jugador 1 |
| 50:00 | Simvall · tribute_sent a jugador 2 |
| 50:00 | Simvall · tribute_sent a jugador 3 |
| 50:00 | Simvall · tribute_sent a jugador 4 |
| 50:00 | Simvall · tribute_sent a jugador 5 |
| 50:00 | Simvall · tribute_sent a jugador 6 |
| 50:00 | Simvall · tribute_sent a jugador 7 |
| 50:45 | Didi · resign |
[ AI ANALYSIS · 1 CREDIT ]
What really happened in this match?
Wolo.gg analyzes every decision: build order, eco, micro, common mistakes by bracket. Personalized analysis on WhatsApp or Discord in 30 seconds.
Civ guide
Muisca
Perfil
Jugador #237364